 Dungeon Crawl Stone Soup version 0.30.1 (webtiles) character file.

Game seed: 13670692240003184430

4 Kamnev09 the Stinger (level 1, 0/10 HPs)
             Began as a Deep Elf Venom Mage on July 5, 2023.
             Slain by a rat (2 damage)
             ... on level 1 of the Dungeon.
             The game lasted 00:01:52 (151 turns).

Kamnev09 the Stinger (Deep Elf Venom Mage)           Turns: 151, Time: 00:01:52

Health: 0/10       AC:  2    Str:  5    XL:     1   Next: 50%
Magic:  6/6        EV: 12    Int: 19    God:
Gold:   0          SH:  0    Dex: 15    Spells: 5/6 levels left

rFire   . . .        (no weapon)
rCold   . . .        (no shield)
rNeg    . . .        a - +0 robe
rPois   .            (no helmet)
rElec   .            (no cloak)
rCorr   .            (no gloves)
SInv    .            (no boots)
Will    .....        (no amulet)
Stlth   ++           (no ring)
HPRegen 0.21/turn    (no ring)
MPRegen 0.10/turn

%: no passive effects
@: no status effects
A: no striking features
a: no special abilities


You were on level 1 of the Dungeon.
You visited 1 branch of the dungeon, and saw 1 of its levels.

Inventory:

Armour
 a - a +0 robe (worn)
Jewellery
 c - an amulet of magic regeneration
Potions
 b - a potion of magic


   Skills:
 + Level 2.5 Dodging
 + Level 2.6 Stealth
 + Level 3.0 Spellcasting
 + Level 1.1 Transmutations
 + Level 3.4 Poison Magic


You had 5 spell levels left.
You knew the following spells:

 Your Spells              Type           Power      Damage    Failure   Level
a - Sting                 Tmut/Pois      44%        1d5       6%          1

Your spell library contained the following spells:

 Spells                   Type           Power      Damage    Failure   Level
 Poisonous Vapours        Pois/Air       18%        N/A       12%         2
 Mephitic Cloud           Conj/Pois/Air  7%         N/A       28%         3
 Olgreb's Toxic Radiance  Pois           15%        N/A       36%         4


Dungeon Overview and Level Annotations

Branches:
Dungeon (1/15)

Altars:


Message History

Confirm with . or Enter, or press ? or * to list all spells.
Aiming: Sting (safe; 6% risk of failure)
Press: ? - help, Shift-Dir - straight line, f/p - goblin
Aim: a goblin, wielding a +0 club (moderately wounded, poisoned, 64% to hit)
The sting hits the goblin.
The goblin looks even sicker.
You kill the goblin!
Unknown command.
Things that are here:
a +0 club; a goblin corpse A bat comes into view.
A bat is nearby!
Found a stone staircase leading down.
The bat hits you but does no damage.
Casting: Sting (safe; 6% risk of failure)
Confirm with . or Enter, or press ? or * to list all spells.
Aiming: Sting (safe; 6% risk of failure)
Press: ? - help, Shift-Dir - straight line, f - bat
Aim: a bat (57% to hit)
The sting hits the bat.
The bat is poisoned.
The bat is moderately wounded.
You kill the bat!
Unknown command.
A rat comes into view.
A rat is nearby!
A goblin comes into view. It is wielding a +0 club.
The goblin shouts!
The goblin closely misses you. The goblin barely misses you.
The goblin closely misses you. The goblin hits you with a +0 club.
The goblin closely misses you. The goblin hits you but does no damage.
The rat barely misses you. The goblin misses you. The rat bites you.
The goblin hits you with a +0 club.
* * * LOW HITPOINT WARNING * * *
The rat barely misses you. The goblin closely misses you. The rat misses you.
The goblin barely misses you. The rat bites you but does no damage.
The goblin misses you. The rat closely misses you.
The goblin closely misses you. The rat bites you.
You die...

........# #
#............#
#............#
##...........>###
#####...............####
#.........#.........##..
#.#.....#.#...#.........
#.........#...#.#.......
#......@..#.#.#.#.#...#.
#.....rg..#.#.#.#.#.#.#.
#....>......#.#.#.#.#.#.
#...........#.#.#.#...#.
..#.....#.....#.#.......
#..........##.#.........
######......#......###..
######.....†).#....
########...###


You could see a goblin and a rat.

Vanquished Creatures
  2 bats (D:1)
  A goblin (D:1)
  A frilled lizard (D:1)
4 creatures vanquished.

Notes
Turn   | Place    | Note
-------+----------+-------------------------------------------
     0 | D:1      | Kamnev09 the Deep Elf Venom Mage began the quest for the
                  | Orb.
     0 | D:1      | Reached XP level 1. HP: 10/10 MP: 6/6
   151 | D:1      | Slain by a rat

Illustrated notes

Levels and vault maps discovered:
D:1:      matt_arrival_spirals, layout_basic, serial_bayou_pond_e,
          hangedman_decor_points, kennysheep_another_room, st_stairs_2,
          minmay_misc_feat_ornament, minmay_misc_feat_cross,
          minmay_misc_feat_more_columns, minmay_tromino_v4_c

Action                     || total
---------------------------++-------
   Cast: Sting             ||     5
 Armour: Robe              ||     4
  Dodge: Dodged            ||    13
